 Dungeon Crawl Stone Soup version 0.21-a0-110-g8e1637b (webtiles) character file.

275658 Ordine the Bludgeoner (level 20, -4/106 HPs)
             Began as a Gargoyle Fighter on July 7, 2017.
             Was the Champion of Okawaru.
             Killed from afar by a starcursed mass (7 damage)
             ... with an accursed screaming
             ... on level 3 of the Abyss.
             The game lasted 02:40:06 (40702 turns).

Ordine the Bludgeoner (Gargoyle Fighter)           Turns: 40702, Time: 02:40:07

Health: -4/106     AC: 33    Str: 18 (20) XL:     20   Next: 35%
Magic:  26/27      EV: 18    Int: 20 (22) God:    Okawaru [******]
Gold:   3009       SH: 19    Dex: 12 (15) Spells: 3/28 levels left

rFire    . . .     SeeInvis .   a - +2 eveningstar "Wud Zein" {flame, Int+3}
rCold    . . .     Gourm    .   c - +1 shield {reflect}
rNeg     + + .     Faith    .   u - +0 pearl dragon scales
rPois    ∞         Spirit   .   (helmet restricted)
rElec    +         Reflect  +   I - +2 cloak {+Inv}
rCorr    +         Harm     .   R - +1 pair of gloves "Vokh" {rElec rPois MR- Int+5}
MR       +....                  E - +0 pair of boots
Stlth    ..........             p - +5 amulet of reflection
HPRegen  1.27/turn              S - ring of resist corrosion
MPRegen  0.20/turn              H - ring of Ascent {MR+ EV+4}

@: about to teleport, flying, very slightly contaminated, regenerating, studying
Charms, deflect missiles
A: big wings, horns 1, thin skeletal structure 1, [blurry vision 2], deformed
body, deterioration 2, [frail 1], negative energy resistance 1, electricity
resistance, strong 1, [weak 1], unbreathing, petrification resistance, rot
immunity, AC +15
}: 2/15 runes: decaying, serpentine
a: Stop Flying, Heroism, Finesse, Renounce Religion, Evoke Invisibility


You were on level 3 of the Abyss.
You worshipped Okawaru.
Okawaru was exalted by your worship.
You were not hungry.

You visited 8 branches of the dungeon, and saw 38 of its levels.
You visited the Abyss 1 time.
You also visited: Labyrinth, Sewer and Wizlab.

You collected 5420 gold pieces.
You spent 2411 gold pieces at shops.

Inventory:

Hand Weapons
 a - the +2 eveningstar "Wud Zein" (weapon) {flame, Int+3}
   (Okawaru gifted it to you on level 14 of the Dungeon)

   It has been specially enchanted to burn those struck by it, causing extra
   injury to most foes and up to half again as much damage against particularly
   susceptible opponents.
   It affects your intelligence (+3).
 r - a +1 eveningstar of flaming
 L - the +6 Majin-Bo {vamp, Archmagi MP+6 Int+6}
   (You found it in a wizard's laboratory)

   It inflicts no extra harm, but heals its wielder when it wounds a living foe.
   It affects your intelligence (+6).
   It affects your magic capacity (+6).
 M - the +6 shillelagh "Devastator" {shatter}
   (You found it on level 14 of the Dungeon)
Armour
 c - a +1 shield of reflection (worn)
 u - +0 pearl dragon scales (worn)
 E - a +0 pair of boots (worn)
 I - a +2 cloak of invisibility (worn)
 K - a +0 helmet of see invisible
 R - the +1 pair of gloves "Vokh" (worn) {rElec rPois MR- Int+5}
   (Okawaru gifted it to you on level 5 of the Lair of Beasts)

   It affects your intelligence (+5).
   It insulates you from electricity.
   It protects you from poison.
   It affects your resistance to hostile enchantments.
Magical Staves
 b - an uncursed staff of energy
Jewellery
 p - a +5 amulet of reflection (around neck)
 H - the ring of Ascent (right hand) {MR+ EV+4}
   (You found it on level 12 of the Dungeon)

   [ring of evasion]

   It affects your evasion (+4).
   It affects your resistance to hostile enchantments.
 S - a ring of resist corrosion (left hand)
 V - an uncursed ring of see invisible
Wands
 l - a wand of digging (11/24)
Scrolls
 h - 3 scrolls of blinking
 i - 5 scrolls of magic mapping
 k - a scroll of silence
 n - 3 scrolls of fear
 t - 10 scrolls of fog
 v - 5 scrolls of amnesia
 w - 12 scrolls of identify
 x - 3 scrolls of recharging
 y - 9 scrolls of teleportation
 C - 13 scrolls of remove curse
 D - 5 scrolls of enchant weapon
 F - 6 scrolls of enchant armour
 G - 3 scrolls of summoning
 O - 3 scrolls of vulnerability
 U - 3 scrolls of holy word
 X - 5 scrolls of immolation
 Y - 2 scrolls of torment
Potions
 d - 5 potions of might
 e - 2 potions of brilliance
 g - 6 potions of lignification
 m - 4 potions of berserk rage
 o - 18 potions of curing
 s - 4 potions of haste
 z - 2 potions of ambrosia
 A - 3 potions of magic
 B - 6 potions of invisibility
 N - a potion of agility
 Q - 6 potions of resistance
 T - a potion of cancellation
Books
 W - a manual of Charms
Comestibles
 f - 22 bread rations
 j - 17 fruits
 q - 15 royal jellies
 J - 14 meat rations


   Skills:
 + Level 10.4 Fighting
 - Level 16.0 Maces & Flails
 + Level 12.4 Armour
 + Level 9.2 Dodging
 - Level 15.0 Shields
 + Level 4.7 Spellcasting
 + Level 7.6 Hexes
 - Level 10.0 Charms
 + Level 8.6 Necromancy
 + Level 8.1 Translocations
 + Level 7.0 Air Magic
 - Level 10.0 Invocations
 - Level 10.0 Evocations


You had 3 spell levels left.
You knew the following spells:

 Your Spells              Type           Power        Failure   Level  Hunger
a - Apportation           Tloc           #####.       1%          1    None
b - Song of Slaying       Chrm           #####...     1%          2    #......
c - Regeneration          Chrm/Necr      #####.....   2%          3    ##.....
d - Spectral Weapon       Hex/Chrm       #####...     2%          3    ##.....
e - Silence               Hex/Air        ####......   43%         5    ######.
f - Deflect Missiles      Chrm/Air       #####.....   85%         6    #######
g - Aura of Abjuration    Summ           #.........   100%        5    ######.


Dungeon Overview and Level Annotations

Branches:
Dungeon (15/15)            Temple (1/1) D:6            Lair (6/6) D:9
  Swamp (4/4) Lair:2        Snake (4/4) Lair:3        Slime (5/5) Lair:5
    Orc (2/2) D:10            Elf (1/3) Orc:2        Vaults (0/5) D:13
 Depths (0/5) D:15

Altars:
Ashenzari
Cheibriados
Dithmenos
Elyvilon
Fedhas
Gozag
Hepliaklqana
Kikubaaqudgha
Makhleb
Nemelex Xobeh
Okawaru
Qazlal
Ru
Sif Muna
Trog
Uskayaw
Vehumet
Wu Jian
Xom
Yredelemnul
Zin
The Shining One
Beogh
Jiyva

Shops:
D:13 *   D:14 (   Orc:1 *   Orc:2 (}}   Snake:2 (   Snake:4 }[[

Annotations:
Slime:5 Dissolution


Innate Abilities, Weirdness & Mutations

You are resistant to torment.
Your stone body is resilient. (AC +15)
You are immune to poison.
Your large and strong wings let you fly indefinitely.
You resist negative energy. (rN+)
You are resistant to electric shocks. (rElec)
You can survive without breathing.
You are immune to petrification.
You are immune to rotting.
You have a pair of small horns on your head.
You have a somewhat thin skeletal structure. (Dex +2, Stealth)
Armour fits poorly on your strangely shaped body.
Your body often deteriorates upon taking damage.
Your muscles are strong. (Str +2)
[Scrolls take you longer to read.]
[You are frail. (-10% HP)]
[You are weak. (Str -2)]


Message History

You sock the Hell Sentinel! You headbutt the Hell Sentinel.
The Hell Sentinel is moderately wounded.
The Hell Sentinel gestures at you.
The sphere of damnation explodes!
The damnation engulfs you!
* * * LOW HITPOINT WARNING * * *
The damnation engulfs the Hell Sentinel.
The Hell Sentinel completely resists.
A chorus of shrieks assaults your mind.
* * * LOW HITPOINT WARNING * * *
You hear a bark!
Unknown command.
Unknown command.
Unknown command.
You feel better. You block the orange demon's attack.
The Hell Sentinel hits you!
* * * LOW HITPOINT WARNING * * *
Your body deteriorates!
You feel dopey.
The Hell Sentinel hits you but does no damage.
A chorus of shrieks assaults your mind.
You die...

.... ... . .... .
.. ... .....$.
4X....
#.#.....#####....
.# . ...#. #. 1
## #X..#. §.#
#X8.# # #' # X4X#
#X .. ##1x.# # #
.# #@#.. ## #...#
### ## # ## #.. #
. # . . . # .#


You could see 3 starcursed masses, a Hell Sentinel, an orange demon, a large
abomination and a small abomination.

Vanquished Creatures
  Bai Suzhen (Snake:3)
  Vashnia (Snake:3)
  Nikola (Snake:3)
  2 bone dragons (Abyss:3)
  A Hellbinder (WizLab)
  3 acid blobs
  Agnes (D:14)
  5 thorn hunters
  7 nagarajas
  Roxanne (Swamp:3)
  Donald (Swamp:1)
  Aizul (Snake:1)
  2 cacodemons (WizLab)
  2 reapers (WizLab)
  A stone giant (D:14)
  A deep elf demonologist (WizLab)
  Azrael (Orc:2)
  5 dire elephants
  A green death (WizLab)
  A blizzard demon (WizLab)
  Josephine (Orc:2)
  3 death oozes
  Erolcha (Orc:2)
  A minotaur (Lab)
  The ghost of Asanbosam the Cleaver, a journeyman DDFi of Makhleb (D:11)
  2 hell beasts (WizLab)
  2 great orbs of eyes
  Fannar (D:10)
  33 hydras
  A rakshasa (D:15)
  16 naga warriors
  A vault guard (D:13)
  A ghost crab (Swamp:3)
  10 anacondas
  6 centaur warriors
  8 alligators
  11 two-headed ogres
  9 death yaks
  A dancing weapon (Elf:1)
  2 thrashing horrors (Abyss:3)
  An ogre mage (Orc:2)
  A queen ant (Lair:2)
  3 tengu warriors
  A spriggan berserker (Swamp:4)
  4 shock serpents
  10 naga sharpshooters
  2 sun demons (WizLab)
  Nergalle (Orc:2)
  Sonja (D:10)
  A sixfirhy (Abyss:3)
  A soul eater (WizLab)
  5 skeletal warriors (D:15)
  A fire crab (shapeshifter) (D:14)
  6 unseen horrors
  9 naga ritualists
  A shadow demon (Abyss:3)
  4 spriggan druids (Swamp:4)
  A deep elf archer (D:13)
  8 swamp dragons
  4 wizards (D:13)
  A lindwurm (Lair:6)
  4 shambling mangroves
  2 wolf spiders
  An orb spider (shapeshifter) (D:12)
  10 mana vipers
  The ghost of Schizzik the Carver, a novice FoFi of Wu Jian (D:6)
  An orc knight (D:14)
  9 deep elf magi
  7 orc sorcerers (Orc:2)
  A manticore (shapeshifter) (D:12)
  3 shining eyes
  6 cyclopes
  A rust devil (WizLab)
  4 manticores
  8 ugly things
  38 black mambas
  5 salamanders
  7 guardian serpents
  6 elephants
  Psyche (D:11)
  2 smoke demons (Abyss:3)
  An orange demon (WizLab)
  20 naga magi
  2 gargoyles
  3 kobold demonologists
  15 spiny frogs
  3 yaktaurs
  9 komodo dragons
  2 spiny frogs (shapeshifter)
  6 rime drakes
  3 freezing wraiths
  An ice devil (WizLab)
  A red devil (WizLab)
  7 trolls
  A harpy zombie (D:15)
  A hydra zombie (Abyss:3)
  8 tyrant leeches
  A polar bear (Lair:5)
  15 hornets
  13 dream sheep
  A harpy skeleton (D:15)
  8 hippogriffs
  14 blink frogs
  9 bog bodies
  39 slime creatures
  2 redbacks (Lab)
  5 spriggans
  7 wraiths
  Sigmund (D:6)
  2 wyverns
  57 yaks
  4 ynoxinuls (WizLab)
  4 basilisks
  17 humans (D:13)
  2 chaos spawn (Abyss:3)
  4 fire elementals
  8 hungry ghosts
  14 vampire mosquitoes
  A warg (D:10)
  Edmund (D:4)
  42 nagas
  22 swamp worms
  4 acid dragons
  16 insubstantial wisps
  6 soldier ants
  12 porcupines
  18 water moccasins
  3 sky beasts
  22 swamp drakes
  15 orc warriors
  4 ice beasts
  2 black bears
  9 ogres
  10 wolves
  2 eyes of draining
  4 small abominations (Abyss:3)
  19 centaurs
  18 crocodiles
  6 big kobolds
  18 bullfrogs
  2 earth elementals
  2 wyvern skeletons
  6 scorpions
  6 killer bees (D:10)
  4 wights (D:6)
  3 electric eels
  4 howler monkeys
  A lava snake (D:10)
  7 centaur zombies
  6 crimson imps
  11 jellies
  2 quasits
  3 bullfrog zombies
  3 hounds
  12 orc priests
  A bullfrog skeleton (D:6)
  5 centaur skeletons
  4 iguanas
  43 orc wizards
  Jessica (D:3)
  Natasha (twice) (D:4)
  5 hell rats (Lair:2)
  16 worker ants
  A killer bee zombie (D:10)
  A hound zombie (D:11)
  A hound skeleton (D:9)
  2 worker ant zombies (D:11)
  A howler monkey zombie (D:10)
  26 adders
  3 gnolls (Orc:1)
  4 river rats (Sewer)
  2 shadow imps (D:8)
  A white imp (Abyss:3)
  6 oozes
  An adder skeleton (D:3)
  4 dart slugs (D:2)
  5 leopard geckos (D:6)
  70 orcs
  4 bats
  15 giant cockroaches
  6 goblins
  4 hobgoblins (D:1)
  12 jackals
  6 quokkas
  16 ball pythons
  6 frilled lizards
  21 kobolds
  2 quokka zombies
  29 rats
  A briar patch (Swamp:3)
  6 plants
1302 creatures vanquished.

Vanquished Creatures (others)
  2 centaur warriors
  4 naga sharpshooters
  A wizard (D:7)
  A black mamba (Snake:3)
  2 golden eyes (Abyss:3)
  An insubstantial wisp (Swamp:3)
  A swamp worm (Swamp:3)
  A sky beast (D:12)
  5 centaurs
  2 orc wizards
  3 orcs
  A kobold (D:11)
  10 briar patches
  8 fungi
  6 plants
  2 spectral weapons
  12 starspawn tentacles (Abyss:3)
62 creatures vanquished.

Grand Total: 1364 creatures vanquished

Notes
Turn   | Place    | Note
-------+----------+-------------------------------------------
     0 | D:1      | Ordine the Gargoyle Fighter began the quest for the Orb.
     0 | D:1      | Reached XP level 1. HP: 14/14 MP: 1/1
    93 | D:1      | Reached XP level 2. HP: 11/19 MP: 2/2
   681 | D:2      | Reached XP level 3. HP: 19/23 MP: 3/3
   692 | D:2      | Reached skill level 3 in Maces & Flails
   772 | D:2      | Found a glowing golden altar of the Shining One.
   982 | D:2      | Reached XP level 4. HP: 28/28 MP: 4/4
  1699 | D:3      | Reached skill level 4 in Maces & Flails
  1743 | D:3      | Noticed Jessica
  1746 | D:3      | Reached XP level 5. HP: 32/32 MP: 5/5
  1754 | D:3      | Killed Jessica
  2246 | D:3      | Reached skill level 5 in Maces & Flails
  2246 | D:3      | Reached skill level 5 in Shields
  2246 | D:3      | Reached XP level 6. HP: 30/37 MP: 4/6
  2330 | D:4      | Noticed Natasha
  2342 | D:4      | Killed Natasha
  2424 | D:4      | Noticed Edmund
  2431 | D:4      | Found a sacrificial altar of Ru.
  2465 | D:4      | Killed Edmund
  2465 | D:4      | Reached XP level 7. HP: 19/41 MP: 1/7
  2470 | D:4      | Reached skill level 6 in Maces & Flails
  2838 | D:4      | Got a smoking cloak
  2845 | D:4      | Identified the +0 cloak of the Eight Realms {rPois rC+ Int+3 Stlth-} (You found it on level 4 of the Dungeon)
  2852 | D:4      | Found a sparkling altar of Nemelex Xobeh.
  2862 | D:4      | HP: 2/41 [ogre/giant club (8)]
  3298 | D:4      | Noticed Natasha
  3304 | D:4      | Killed Natasha
  3315 | D:5      | Entered Level 5 of the Dungeon
  3972 | D:4      | Found a bloodstained altar of Trog.
  3995 | D:5      | Found a shadowy altar of Dithmenos.
  4001 | D:5      | Reached skill level 7 in Maces & Flails
  4649 | D:6      | Noticed Schizzik's ghost (novice FoFi)
  4735 | D:6      | Found a glowing drain.
  4769 | Sewer    | Entered a sewer
  4871 | Sewer    | Reached XP level 8. HP: 39/46 MP: 8/8
  5186 | Sewer    | Reached skill level 8 in Maces & Flails
  5461 | D:6      | Killed Schizzik's ghost
  5461 | D:6      | Reached skill level 9 in Maces & Flails
  5461 | D:6      | Reached XP level 9. HP: 41/51 MP: 9/9
  5498 | D:6      | Noticed Sigmund
  5502 | D:6      | Killed Sigmund
  5507 | D:6      | Found a staircase to the Ecumenical Temple.
  5516 | Temple   | Entered the Ecumenical Temple
  5527 | Temple   | Became a worshipper of Warmaster Okawaru
  5609 | D:6      | Found a burning altar of Makhleb.
  5912 | D:7      | Reached skill level 10 in Maces & Flails
  5996 | D:7      | Found a snail-covered altar of Cheibriados.
  6289 | D:7      | Found a bloodstained altar of Trog.
  6290 | D:7      | Noticed a wizard
  6296 | D:7      | Killed a wizard
  6713 | D:8      | Reached * piety under Okawaru
  6866 | D:8      | Reached skill level 11 in Maces & Flails
  6883 | D:8      | Noticed a two-headed ogre
  7071 | D:8      | Killed a two-headed ogre
  7071 | D:8      | Reached ** piety under Okawaru
  7071 | D:8      | Reached XP level 10. HP: 33/56 MP: 10/10
  7294 | D:8      | Found a shattered altar of Ashenzari.
  7367 | D:8      | Noticed a two-headed ogre
  7495 | D:8      | Killed a two-headed ogre
  7495 | D:8      | Reached *** piety under Okawaru
  7495 | D:8      | Reached skill level 12 in Maces & Flails
  7512 | D:8      | Reached skill level 10 in Shields
  7905 | D:9      | Found a hide-covered altar of Uskayaw.
  8036 | D:9      | Found a staircase to the Lair.
  8208 | D:9      | Noticed a two-headed ogre
  8231 | D:9      | Killed a two-headed ogre
  8231 | D:9      | Reached **** piety under Okawaru
  8265 | D:9      | Reached skill level 13 in Maces & Flails
  8511 | D:9      | Found an ornate altar of the Wu Jian Council.
  8603 | D:9      | Reached XP level 11. HP: 60/60 MP: 11/11
  8792 | D:10     | Entered Level 10 of the Dungeon
  8792 | D:10     | Noticed a manticore
  8794 | D:10     | Killed a manticore
  9294 | D:10     | Reached ***** piety under Okawaru
  9295 | D:10     | Noticed a deep elf mage
  9299 | D:10     | Noticed Fannar
  9303 | D:10     | Killed a deep elf mage
  9329 | D:10     | Killed Fannar
  9329 | D:10     | Received a gift from Okawaru
  9674 | D:10     | Reached skill level 14 in Maces & Flails
  9675 | D:10     | Noticed Sonja
  9681 | D:10     | Found a staircase to the Orcish Mines.
  9695 | D:10     | Killed Sonja
 10385 | Lair:1   | Entered Level 1 of the Lair of Beasts
 10399 | Lair:1   | Found a labyrinth entrance.
 10419 | Lab      | Entered a labyrinth
 10841 | Lab      | Noticed a minotaur
 10849 | Lab      | Killed a minotaur
 11161 | Lair:1   | Reached XP level 12. HP: 47/64 MP: 12/12
 11439 | Lair:1   | Reached skill level 1 in Invocations
 11440 | Lair:1   | Reached skill level 15 in Maces & Flails
 11836 | Lair:2   | Received a gift from Okawaru
 11844 | Lair:2   | Reached skill level 1 in Dodging
 12085 | Lair:2   | Reached ****** piety under Okawaru
 12369 | Lair:2   | Reached skill level 1 in Evocations
 12382 | Lair:2   | Noticed a queen ant
 12399 | Lair:2   | Killed a queen ant
 12699 | Lair:2   | Found a staircase to the Swamp.
 13659 | Lair:3   | Reached skill level 5 in Fighting
 13671 | Lair:3   | Found a staircase to the Snake Pit.
 13780 | Lair:3   | You fall through a shaft!
 13983 | Lair:4   | Noticed a four-headed hydra
 14023 | Lair:4   | Killed a four-headed hydra
 14023 | Lair:4   | Reached skill level 5 in Armour
 14023 | Lair:4   | Reached XP level 13. HP: 63/72 MP: 14/16
 14051 | Lair:3   | Received a gift from Okawaru
 14063 | Lair:3   | Got a pitted ring mail {god gift}
 14074 | Lair:3   | Identified the +0 ring mail "Nium" {*Corrode Str+7} (Okawaru gifted it to you on level 3 of the Lair of Beasts)
 14616 | Lair:3   | Learned a level 3 spell: Regeneration
 14919 | Lair:4   | Reached skill level 1 in Charms
 15815 | Lair:5   | Reached skill level 1 in Necromancy
 15940 | Lair:5   | Reached skill level 5 in Invocations
 15998 | Lair:4   | Reached skill level 16 in Maces & Flails
 16240 | Lair:5   | Received a gift from Okawaru
 16243 | Lair:5   | Got a pair of twisted gloves {god gift}
 16254 | Lair:5   | Identified the +1 pair of gloves "Vokh" {rElec rPois MR- Int+5} (Okawaru gifted it to you on level 5 of the Lair of Beasts)
 16496 | Lair:5   | Found a viscous altar of Jiyva.
 16496 | Lair:5   | Found a staircase to the Slime Pits.
 16577 | Lair:5   | Gained mutation: Your large and strong wings let you fly indefinitely. [Gargoyle growth]
 16577 | Lair:5   | Reached XP level 14. HP: 77/80 MP: 18/18
 17034 | Lair:6   | Entered Level 6 of the Lair of Beasts
 17642 | Lair:5   | Received a gift from Okawaru
 18545 | Lair:6   | Noticed a dire elephant
 18545 | Lair:6   | Noticed a dire elephant
 18582 | Lair:6   | Killed a dire elephant
 18594 | Lair:6   | Killed a dire elephant
 18659 | Lair:6   | Noticed a dire elephant
 18687 | Lair:6   | Killed a dire elephant
 18823 | Lair:6   | Noticed a dire elephant
 18834 | Lair:6   | Killed a dire elephant
 19064 | Lair:3   | Reached skill level 5 in Evocations
 19172 | D:10     | Received a gift from Okawaru
 19321 | D:11     | Noticed Psyche
 19327 | D:11     | Killed Psyche
 19633 | D:11     | Noticed Asanbosam's ghost (journeyman DDFi)
 19647 | D:11     | Killed Asanbosam's ghost
 20567 | D:12     | Reached XP level 15. HP: 63/88 MP: 20/20
 20727 | D:12     | Reached skill level 5 in Dodging
 20759 | D:13     | Reached skill level 5 in Charms
 21735 | D:12     | Identified the Disquisition on Necromancy and Aid
 21766 | D:12     | Got a slimy bone ring
 21770 | D:12     | Identified the ring of Ascent {MR+ EV+4} (You found it on level 12 of the Dungeon)
 21870 | D:12     | Learned a level 1 spell: Apportation
 21875 | D:12     | Learned a level 2 spell: Song of Slaying
 21879 | D:12     | Learned a level 3 spell: Spectral Weapon
 22473 | D:13     | Found Liyc Buo's General Store.
 22494 | D:13     | Bought a bread ration for 80 gold pieces
 22494 | D:13     | Bought a scroll of enchant weapon for 120 gold pieces
 22494 | D:13     | Bought a scroll of magic mapping for 56 gold pieces
 22494 | D:13     | Bought a scroll of fear for 56 gold pieces
 22494 | D:13     | Bought a scroll of immolation for 56 gold pieces
 22494 | D:13     | Bought 2 potions of resistance for 320 gold pieces
 22494 | D:13     | Bought a scroll of remove curse for 48 gold pieces
 22494 | D:13     | Bought a scroll of remove curse for 48 gold pieces
 22557 | D:13     | Learned a level 5 spell: Silence
 22602 | D:13     | Received a gift from Okawaru
 22861 | D:13     | Found a gate to the Vaults.
 22877 | D:13     | Reached skill level 1 in Translocations
 22891 | D:13     | Reached skill level 15 in Shields
 22906 | D:13     | Reached skill level 1 in Hexes
 23509 | D:14     | Received a gift from Okawaru
 23544 | D:14     | Reached skill level 1 in Air Magic
 23666 | D:14     | Noticed Agnes
 23680 | D:14     | Killed Agnes
 23680 | D:14     | Received a gift from Okawaru
 23687 | D:14     | Got a crude eveningstar {god gift}
 23688 | D:14     | Identified the +2 eveningstar "Wud Zein" {flame, Int+3} (Okawaru gifted it to you on level 14 of the Dungeon)
 23825 | D:14     | Reached XP level 16. HP: 86/95 MP: 21/21
 24411 | D:14     | Found Vaocuc's Weapon Shop.
 24454 | D:15     | Entered Level 15 of the Dungeon
 24508 | D:15     | Received a gift from Okawaru
 24931 | D:15     | Found a staircase to the Depths.
 24984 | D:15     | Reached skill level 5 in Necromancy
 25544 | Orc:1    | Entered Level 1 of the Orcish Mines
 25661 | Orc:2    | Entered Level 2 of the Orcish Mines
 25788 | Orc:1    | Found Duciykoi's General Store.
 25804 | Orc:1    | Bought a potion of resistance for 140 gold pieces
 25804 | Orc:1    | Bought a potion of agility for 56 gold pieces
 25804 | Orc:1    | Bought a scroll of magic mapping for 49 gold pieces
 25804 | Orc:1    | Bought a scroll of identify for 28 gold pieces
 25804 | Orc:1    | Bought a royal jelly for 28 gold pieces
 25939 | Orc:2    | Found a staircase to the Elven Halls.
 26094 | Orc:2    | Noticed Azrael
 26100 | Orc:2    | Noticed Josephine
 26115 | Orc:2    | Killed Josephine
 26145 | Orc:2    | Killed Azrael
 26823 | Orc:2    | Found Estrighawk's Gadget Boutique.
 26829 | Orc:2    | Found Booheghi's Gadget Shop.
 26891 | Orc:2    | Found a radiant altar of Vehumet.
 26893 | Orc:2    | Noticed Erolcha
 26913 | Orc:2    | Killed Erolcha
 26924 | Orc:2    | Found Nustunk's Magic Scroll Boutique.
 26939 | Orc:2    | Noticed Nergalle
 26952 | Orc:2    | Killed Nergalle
 26955 | Orc:2    | Found an ancient bone altar of Kikubaaqudgha.
 26966 | Orc:2    | Bought a scroll of identify for 36 gold pieces
 26966 | Orc:2    | Bought a scroll of identify for 36 gold pieces
 26966 | Orc:2    | Bought a scroll of magic mapping for 63 gold pieces
 26966 | Orc:2    | Bought 2 scrolls of magic mapping for 126 gold pieces
 26966 | Orc:2    | Bought 2 scrolls of blinking for 270 gold pieces
 26966 | Orc:2    | Bought a scroll of torment for 135 gold pieces
 27031 | Orc:2    | Found a roughly hewn altar of Beogh.
 27047 | Orc:2    | Found Yggass's Antique Weapon Boutique.
 27282 | Swamp:1  | Entered Level 1 of the Swamp
 27637 | Swamp:1  | Reached XP level 17. HP: 91/100 MP: 23/23
 27883 | Swamp:1  | Noticed Donald
 27898 | Swamp:1  | Received a gift from Okawaru
 27924 | Swamp:1  | Killed Donald
 28430 | Swamp:2  | Reached skill level 10 in Armour
 29072 | Swamp:2  | Received a gift from Okawaru
 29075 | Swamp:2  | Got a faintly glowing crystal plate armour {god gift}
 29086 | Swamp:2  | Identified the +1 crystal plate armour of Ytaixzuf {-Tele rF+ Str+7} (Okawaru gifted it to you on level 2 of the Swamp)
 29578 | Swamp:3  | Reached skill level 10 in Fighting
 29671 | Swamp:3  | Noticed Roxanne
 29714 | Swamp:3  | Killed Roxanne
 29729 | Swamp:3  | Identified Roxanne's Handbook of Earth (You took it off Roxanne on level 3 of the Swamp)
 30550 | Swamp:4  | Entered Level 4 of the Swamp
 30682 | Swamp:4  | Reached skill level 5 in Translocations
 31483 | Swamp:4  | Received a gift from Okawaru
 31965 | Swamp:4  | Reached XP level 18. HP: 100/107 MP: 25/25
 32058 | Swamp:4  | Reached skill level 5 in Hexes
 32266 | Swamp:4  | Received a gift from Okawaru
 32351 | Swamp:4  | Got a faintly glowing ring mail
 32352 | Swamp:4  | Identified the cursed +0 ring mail of Qyiman {Int+4} (You found it on level 4 of the Swamp)
 32375 | Swamp:4  | Got a decaying rune of Zot
 32623 | Snake:1  | Entered Level 1 of the Snake Pit
 33029 | Snake:1  | Noticed Aizul
 33052 | Snake:1  | Killed Aizul
 33108 | Snake:1  | Identified a scroll of acquirement
 33354 | Snake:1  | Received a gift from Okawaru
 33357 | Snake:1  | Got a pair of scorched boots {god gift}
 33368 | Snake:1  | Identified the +0 pair of boots of Lausebbe {rC+++ MR+ Int-5} (Okawaru gifted it to you on level 1 of the Snake Pit)
 33525 | Snake:1  | Reached skill level 5 in Air Magic
 34198 | Snake:2  | Found Caufer's Antique Weapon Shoppe.
 34219 | Snake:2  | Reached skill level 10 in Charms
 34614 | Snake:2  | Reached skill level 10 in Invocations
 35166 | Snake:3  | Noticed Nikola
 35191 | Snake:3  | Killed Nikola
 35308 | Snake:3  | Reached skill level 1 in Spellcasting
 35961 | Snake:3  | Noticed Vashnia
 36008 | Snake:3  | Killed Vashnia
 36008 | Snake:3  | Received a gift from Okawaru
 36011 | Snake:3  | Got a warped robe {god gift}
 36012 | Snake:3  | Identified the +0 robe "Suni Woh" {Str+4} (Okawaru gifted it to you on level 3 of the Snake Pit)
 36122 | Snake:4  | Entered Level 4 of the Snake Pit
 36135 | Snake:4  | Reached XP level 19. HP: 111/112 MP: 26/26
 36700 | Snake:4  | Found Ugeedaj's Gadget Boutique.
 36706 | Snake:4  | Bought a wand of digging (11/24) for 660 gold pieces
 36706 | Snake:4  | Found Nawup's Armour Shop.
 36738 | Snake:4  | Found Ynkosh's Armour Boutique.
 37651 | Snake:4  | Received a gift from Okawaru
 37815 | Snake:4  | Got a serpentine rune of Zot
 37912 | Snake:3  | Noticed Bai Suzhen
 37936 | Snake:3  | Killed Bai Suzhen
 38077 | Slime:1  | Entered Level 1 of the Pits of Slime
 38104 | Lair:5   | Learned a level 6 spell: Deflect Missiles
 38116 | Slime:1  | Gained mutation: You occasionally shout uncontrollably at your foes. [a shining eye]
 38140 | Lair:5   | Gained mutation: Armour fits poorly on your strangely shaped body. [a shining eye]
 38147 | Lair:5   | Lost mutation: Armour fits poorly on your strangely shaped body. [potion of mutation]
 38147 | Lair:5   | Lost mutation: You occasionally shout uncontrollably at your foes. [potion of mutation]
 38147 | Lair:5   | Gained mutation: You are dopey. (Int -2) [potion of mutation]
 38147 | Lair:5   | Gained mutation: You are robust. (+10% HP) [potion of mutation]
 38147 | Lair:5   | Gained mutation: You passively map a small area around you. [potion of mutation]
 38148 | Lair:5   | Lost mutation: You passively map a small area around you. [potion of mutation]
 38148 | Lair:5   | Gained mutation: Your muscles are strong. (Str +2) [potion of mutation]
 38149 | Lair:5   | Lost mutation: You are dopey. (Int -2) [potion of mutation]
 38149 | Lair:5   | Lost mutation: Your muscles are strong. (Str +2) [potion of mutation]
 38149 | Lair:5   | Lost mutation: You are robust. (+10% HP) [potion of mutation]
 38149 | Lair:5   | Gained mutation: You can translocate small distances at will. [potion of mutation]
 38149 | Lair:5   | Gained mutation: Your mind is acute. (Int +2) [potion of mutation]
 38149 | Lair:5   | Gained mutation: Your spells are a little easier to cast, but a little less powerful. [potion of mutation]
 38149 | Lair:5   | Gained mutation: Your mind is very acute. (Int +4) [potion of mutation]
 38150 | Lair:5   | Lost mutation: Your mind is very acute. (Int +4) [potion of mutation]
 38150 | Lair:5   | Lost mutation: Your mind is acute. (Int +2) [potion of mutation]
 38150 | Lair:5   | Lost mutation: Your spells are a little easier to cast, but a little less powerful. [potion of mutation]
 38150 | Lair:5   | Lost mutation: You can translocate small distances at will. [potion of mutation]
 38150 | Lair:5   | Gained mutation: You have a somewhat thin skeletal structure. (Dex +2, Stealth) [potion of mutation]
 38150 | Lair:5   | Gained mutation: Your muscles are strong. (Str +2) [potion of mutation]
 38150 | Lair:5   | Gained mutation: You have a pair of small horns on your head. [potion of mutation]
 38278 | Slime:4  | Gained mutation: You are dopey. (Int -2) [a shining eye]
 38282 | Slime:4  | Lost mutation: You are dopey. (Int -2) [a shining eye]
 38286 | Slime:4  | Gained mutation: Your body sometimes deteriorates upon taking damage. [a shining eye]
 38390 | Slime:5  | Entered Level 5 of the Pits of Slime
 38511 | Slime:5  | Received a gift from Okawaru
 38515 | Slime:5  | Noticed Dissolution
 38520 | Slime:5  | Paralysed by a floating eye for 4 turns
 38526 | Slime:5  | Paralysed by a floating eye for 2 turns
 38530 | Slime:5  | Paralysed by a floating eye for 3 turns
 38538 | Slime:5  | Paralysed by a floating eye for 4 turns
 38740 | Elf:1    | Entered Level 1 of the Elven Halls
 38932 | Elf:1    | Found a magical portal.
 38936 | WizLab   | Entered The Hall of the Hellbinder
 38962 | WizLab   | Reached skill level 10 in Evocations
 39005 | WizLab   | Reached XP level 20. HP: 109/117 MP: 27/27
 39174 | WizLab   | Gained mutation: Armour fits poorly on your strangely shaped body. [a cacodemon]
 39464 | WizLab   | Noticed Deser
 39474 | WizLab   | Killed Deser the Hellbinder
 39475 | WizLab   | Found a burning altar of Makhleb.
 39524 | WizLab   | Identified the Tome of Summoning
 39553 | WizLab   | Identified Sif Muna's Disquisition on Companions
 39561 | WizLab   | Learned a level 5 spell: Aura of Abjuration
 39886 | Elf:1    | Gained mutation: Your body often deteriorates upon taking damage. [a neqoxec]
 39886 | Elf:1    | Cast into level 3 of the Abyss (a deep elf demonologist)
 39901 | Abyss:3  | Noticed a bone dragon
 39947 | Abyss:3  | Killed a bone dragon
 39947 | Abyss:3  | Received a gift from Okawaru
 39975 | Abyss:3  | Noticed a bone dragon
 39991 | Abyss:3  | Killed a bone dragon
 40110 | Abyss:3  | Found a corrupted altar of Lugonu.
 40410 | Abyss:3  | Found a corrupted altar of Lugonu.
 40456 | Abyss:3  | Found a corrupted altar of Lugonu.
 40524 | Abyss:3  | Found a corrupted altar of Lugonu.
 40607 | Abyss:3  | Found a corrupted altar of Lugonu.
 40702 | Abyss:3  | HP: 3/106 [Hell Sentinel (12)]
 40702 | Abyss:3  | Killed from afar by a starcursed mass

Vault maps used:
D:1:      dpeg_arrival_refuge
D:2:      old_standard_altar, serial_glass, glass_columns_a, glass_columns_b
D:3:      first_bread, uniq_jessica
D:4:      nicolae_overflow_hidden_temple, kennysheep_mini, lemuel_doored_altar,
          uniq_natasha, uniq_edmund
D:5:      basic_altar, minmay_misc_feat_ornament
D:6:      bloody_makhleb, minmay_temple_entry_statues_pillars,
          gup_sewer_entry_pipe, uniq_sigmund
D:7:      cheibriados_altar_1, trog_wizard
D:8:      cheibrodos_ashenzari_chains
D:9:      nicolae_overflow_crystal_walls, eat_drink_and_be_merry_uskayaw,
          dpeg_oklobed_lair, hangedman_little_slice_of_home, minivault_19,
          serial_bayou_pond_c
D:10:     david_orc_3, nicolae_lava_and_water, kennysheep_donut, uniq_sonja,
          uniq_fannar
D:11:     uniq_psyche
D:12:     minmay_the_grid_square_5x5_5x5_mashed
D:13:     grunt_vaults_entry_tiered, serial_shops, shop_coins,
          roderic_greek_sauvastika, st_stairs_12
D:14:     minmay_roctagon, serial_shops, kennysheep_little_box,
          grunt_ministairs_10, uniq_agnes
D:15:     hangedman_depths_entry_try_elsewhere_first,
          hangedman_abyss_or_decor_jellyfish_corner, st_stairs_5
Temple:   cyrus_circular_temple
Lair:1:   lab_entry_generic
Lair:2:   nicolae_swamp_entry_splash_gauntlet, wad_woods_antlair
Lair:3:   minmay_snake_entry_six_corridors, grunt_megastairs_2
Lair:4:   lemuel_fruit_tree
Lair:5:   cheibrodos_lair_river_kwai, dpeg_slime_entry_enclosed_altar,
          beast_lair_carwin_10, grunt_megastairs_4
Lair:6:   due_jungle_book
Swamp:1:  hangedman_swamp_pad, swamp_pool5, uniq_donald
Swamp:2:  evilmike_swamp_ruin_house_2
Swamp:3:  evilmike_swamp_ruin_house_3, uniq_roxanne
Swamp:4:  swamp_basic_johnstein, swamp_pool1
Snake:1:  spider_trap, uniq_aizul
Snake:2:  serial_shops, shop
Snake:3:  uniq_nikola, uniq_bai_suzhen, uniq_vashnia
Snake:4:  snake_pit, serial_shops, nicolae_shop_waterfront,
          hangedman_snake_corridor_cut, minmay_shoptagon
Slime:4:  basic_altar
Slime:5:  uniq_dissolution
Orc:1:    serial_shops, shop
Orc:2:    kennysheep_orc_mage_school, uniq_josephine, uniq_erolcha, uniq_azrael
Elf:1:    elf_arrival_002, mu_enter_wizlab_7, minivault_28,
          roderic_lattice_octagonal_star, grunt_megastairs_1
Abyss:3:  grunt_abyss_exit_deep_breaths
Lab:      labyrinth_green, nicolae_lab_diamond, nicolae_lab_swirl,
          nicolae_lab_stuck, nicolae_lab_big_swirl, nicolae_lab_flowing_pool,
          nicolae_lab_x, nicolae_lab_hexagon, nicolae_lab_blocks,
          nicolae_lab_lava
Sewer:    sewer_minmay_w
WizLab:   wizlab_demon

Skill      XL: |  1  2  3  4  5  6  7  8  9 10 11 12 13 14 15 16 17 18 19 20 |
---------------+-------------------------------------------------------------+-----
Maces & Flails | 3 4 5 7 9 11 13 14 15 16 | 16.0
Shields        | 4 5 6 7 9 10 12 13 14 15 | 15.0
Invocations    | 4 5 6 7 8 9 10 | 10.0
Fighting       | 5 6 7 8 9 10 | 10.4
Dodging        | 2 4 5 6 7 8 9 |  9.2
Armour         | 5 6 7 8 9 10 11 12 | 12.4
Evocations     | 2 4 5 6 7 8 9 10 | 10.0
Charms         | 2 4 6 8 9 10 | 10.0
Necromancy     | 1 3 4 5 6 7 8 |  8.6
Translocations | 2 3 5 6 7 8 |  8.1
Hexes          | 1 3 4 5 7 |  7.6
Air Magic      | 1 3 4 5 6 7 |  7.0
Spellcasting   | 1 4 |  4.7

Action                   |  1- 3 |  4- 6 |  7- 9 | 10-12 | 13-15 | 16-18 | 19-21 || total
-------------------------+-------+-------+-------+-------+-------+-------+-------++-------
Melee: Flail             |   131 |    71 |       |       |       |       |       ||   202
       Morningstar       |       |   113 |   715 |  1128 |   786 |       |       ||  2742
       Demon whip        |       |       |       |       |  1192 |       |       ||  1192
       Eveningstar       |       |       |       |       |    23 |  1747 |   977 ||  2747
       Shillelagh        |       |       |       |       |     6 |   290 |       ||   296
       Headbutt          |       |       |       |       |       |       |   140 ||   140
       Staff             |       |       |       |       |       |       |    23 ||    23
 Cast: Song of Slaying   |       |       |       |       |       |    10 |     5 ||    15
       Spectral Weapon   |       |       |       |       |       |     4 |     4 ||     8
       Regeneration      |       |       |       |       |       |    15 |    22 ||    37
       Deflect Missiles  |       |       |       |       |       |       |     1 ||     1
       Silence           |       |       |       |       |       |       |     1 ||     1
Invok: Heroism           |       |       |       |       |       |     2 |     1 ||     3
       Finesse           |       |       |       |       |       |     2 |     1 ||     3
 Abil: Fly               |       |       |       |       |     1 |       |       ||     1
       Evoke Invisibilit |       |       |       |       |       |     3 |     2 ||     5
  Use: Scroll            |     5 |     4 |    10 |     9 |     9 |    12 |    13 ||    62
       Potion            |       |       |     3 |     6 |     1 |     6 |    11 ||    27
 Stab: Invisible         |       |       |       |       |       |    10 |     1 ||    11
       Confused          |       |       |       |       |       |     1 |       ||     1
       Distracted        |       |       |       |       |       |     1 |     2 ||     3
  Eat: Chunk             |     1 |     5 |    19 |    23 |    34 |    30 |     5 ||   117
       Fruit             |       |       |     1 |     2 |       |     2 |     6 ||    11
       Royal jelly       |       |       |       |     1 |       |     2 |     3 ||     6
       Bread ration      |       |       |       |     1 |       |     2 |       ||     3
       Meat ration       |       |       |       |       |       |       |     1 ||     1
Armor: Scale mail        |    67 |       |       |       |       |       |       ||    67
       Chain mail        |    19 |   116 |   470 |       |       |       |       ||   605
       Plate armour      |       |       |     2 |   357 |   380 |       |       ||   739
       Pearl dragon scal |       |       |       |       |   238 |   941 |   392 ||  1571
Dodge: Dodged            |    44 |    43 |   129 |   101 |   388 |  1011 |   507 ||  2223
       Deflected         |       |       |       |       |       |       |     4 ||     4
Block: Shield            |    80 |   107 |   666 |   851 |  1576 |  2018 |  1146 ||  6444
       Reflection        |       |       |    11 |    24 |    56 |   116 |    69 ||   276
